 Seeded DCSS version 0.28.0-62-gf88900778d (webtiles) character file.

Game seed: 1440738966960892338 (custom seed)

32 cbfl8 the Slasher (level 3, -2/49 HPs)
             Began as a Minotaur Berserker on July 2, 2023.
             Was a Follower of Trog.
             Slain by an ogre
             ... wielding a +0 giant club
              (11 damage)
             ... on level 2 of the Dungeon.
             The game lasted 00:01:11 (2210 turns).

cbfl8 the Slasher (Minotaur Berserker)              Turns: 2210, Time: 00:01:11

Health: -2/49      AC:  7    Str: 21    XL:     3   Next: 8%
Magic:  2/2        EV: 11    Int:  4    God:    Trog [*.....]
Gold:   157        SH:  5    Dex: 11    Spells: 2/2 levels left

rFire   . . .      SeeInvis .   a - +0 falchion
rCold   . . .      Faith    .   (no shield)
rNeg    . . .      Spirit   .   f - +0 ring mail
rPois   .          Reflect  +   (helmet restricted)
rElec   .          Harm     .   e - +1 cloak
rCorr   .          Rampage  .   (no gloves)
Will    .....                   (no boots)
Stlth   ..........              c - amulet of reflection
HPRegen 0.16/turn               (no ring)
MPRegen 0.08/turn               (no ring)

@: berserking, very quick
A: horns 2, retaliatory headbutt
a: Renounce Religion, Berserk


You were on level 2 of the Dungeon.
You worshipped Trog.
Trog was aware of your devotion.
You visited 1 branch of the dungeon, and saw 2 of its levels.

You collected 157 gold pieces.

Inventory:

Hand Weapons
 a - a +0 falchion (weapon)
Armour
 e - a +1 cloak (worn)
 f - a +0 ring mail (worn)
Jewellery
 c - an amulet of reflection (around neck)
Scrolls
 b - a scroll of immolation {unknown}
 g - a scroll of enchant armour {unknown}
Potions
 d - 2 potions of curing {unknown}


   Skills:
 + Level 4.0 Fighting
 * Level 4.5 Long Blades
 + Level 2.4 Armour
 + Level 2.3 Dodging
 + Level 0.2 Stealth
 * Level 0.5 Evocations


You had 2 spell levels left.
You didn't know any spells.
Your spell library was empty.

Dungeon Overview and Level Annotations

Branches:
Dungeon (2/15)

Altars:
Wu Jian

Annotations:
D:2 1 runed translucent door, Crazy Yiuf


Innate Abilities, Weirdness & Mutations

You have a pair of horns on your head.
You reflexively headbutt those who attack you in melee.


Message History

You kill the quokka!
Trog accepts your kill.
Key pressed, stopping explore.
No target in view!
Found a club.
No target in view!
You now have 157 gold pieces (gained 8).
You open the door.
There is an open door here.
You open the door.
There is an open door here.
There is an open door here.
There is an open door here.
Key pressed, stopping explore.
No target in view!
There is a stone staircase leading down here.
Key pressed, stopping explore.
No target in view!
There is an open door here.
There is an open door here.
An ogre comes into view. It is wielding a +0 giant club.
The ogre shouts!
You hit the ogre.
The ogre is lightly wounded.
The ogre hits you with a +0 giant club!
An ogre is nearby!
You hit the ogre.
The ogre is moderately wounded.
The ogre hits you with a +0 giant club!
* * * LOW HITPOINT WARNING * * *
An ogre is nearby!
You are too injured to fight recklessly!
An ogre is nearby!
You are too injured to fight recklessly!
A red film seems to cover your vision as you go berserk!
You feel yourself moving faster!
You feel mighty!
You barely miss the ogre. You headbutt the ogre!
The ogre is severely wounded.
The ogre hits you with a +0 giant club!
You die...

..........'...................#..
.......[..###.##+#.#########..#..
##.......####.................#..
.....###.##............#####.##..
####.###.##.##.........# #..#..
............####'#.###.# ##.#..
########.#### #.#.# #.# #...# #.#
#.#.# #.# ##..# #### #.# #@#.#
#.#######..# ..)# #.#.....O.#.#
#..........# ...# #.#########.#
########...# ... #....)......#
#.######.#.# #+#
################........#.. #.#
#......).........########.. .##
#....[....######.# ##. .#
#.........#....###########. ##
#.........#................


You could see an ogre.

Vanquished Creatures
  A worm (D:2)
  A dart slug (D:1)
  2 endoplasms (D:1)
  3 giant cockroaches
  4 goblins
  4 hobgoblins
  3 kobolds
  A quokka (D:2)
  3 ball pythons (D:1)
  A bat (D:1)
  2 frilled lizards
25 creatures vanquished.

Notes
Turn   | Place    | Note
-------+----------+-------------------------------------------
     0 | D:1      | cbfl8 the Minotaur Berserker began the quest for the Orb.
     0 | D:1      | Reached XP level 1. HP: 19/19 MP: 0/0
   352 | D:1      | Reached XP level 2. HP: 27/27 MP: 1/1
   860 | D:1      | Found a faded altar of an unknown god.
  1505 | D:2      | Found a runed translucent door.
  1506 | D:2      | Noticed Crazy Yiuf
  1813 | D:2      | Reached XP level 3. HP: 33/33 MP: 2/2
  1982 | D:2      | Found an ornate altar of the Wu Jian Council.
  2206 | D:2      | Noticed an ogre
  2210 | D:2      | Slain by an ogre

Illustrated notes

Levels and vault maps discovered:
D:1:      dpeg_arrival_morbid_curiosity, layout_loops_ring,
          hellmonk_ecumenical_altar_heavens_door
D:2:      layout_basic, basic_altar, uniq_crazy_yiuf_cottage

Skill      XL: |  1  2 |
---------------+-------+-----
Long Blades    | 4 |  4.5
Fighting       | 4 |  4.0
Armour         | |  2.4
Dodging        | |  2.3
Stealth        | |  0.2
Evocations     | |  0.5

Action                   || total
-------------------------++-------
Melee: Falchion          ||    44
       Headbutt          ||     6
Invok: Berserk           ||     1
Armor: Animal skin       ||     6
       Ring mail         ||     2
Dodge: Dodged            ||    33
Block: Other             ||     5
